 Dungeon Crawl Stone Soup version 0.30.0-5-g1a98f26d00 (webtiles) character file.

Game seed: 13504121380126238539

51 MacCMillion the Shield-Bearer (level 3, -6/36 HPs)
             Began as a Troll Fighter on May 12, 2023.
             Mangled by Edmund
             ... wielding a +1 dire flail of protection
              (13 damage)
             ... on level 4 of the Dungeon.
             The game lasted 00:02:31 (2454 turns).

MacCMillion the Shield-Bearer (Troll Fighter)       Turns: 2454, Time: 00:02:32

Health: -6/36      AC:  4    Str: 26    XL:     3   Next: 57%
Magic:  2/2        EV:  9    Int:  4    God:
Gold:   199        SH:  8    Dex:  9    Spells: 2/2 levels left

rFire   . .          .
                       - Unarmed
rCold   . . .        b - +0 kite shield
rNeg    . . .        a - +0 robe
rPois   .            (helmet restricted)
rElec   .            (no cloak)
rCorr   .            (gloves unavailable)
SInv    .            (boots unavailable)
Will    .....        (no amulet)
Stlth   +            (no ring)
HPRegen 1.06/turn    (no ring)
MPRegen 0.08/turn

%: no passive effects
@: no status effects
A: large, unfitting armour, claws 3, regeneration 1, shaggy fur 1, tough skin 1
a: no special abilities


You were on level 4 of the Dungeon.
You visited 1 branch of the dungeon, and saw 4 of its levels.

You collected 199 gold pieces.

Inventory:

Armour
 a - a +0 robe (worn)
 b - a +0 kite shield (worn)
 s - a +0 tower shield
Jewellery
 i - a ring of magical power
 j - a ring of magical power
 m - an amulet of magic regeneration
 v - a ring of ice
Wands
 l - a wand of digging (5)
Scrolls
 d - a scroll of immolation {unknown}
 f - 4 scrolls of identify {unknown}
 g - a scroll of vulnerability {unknown}
 h - a scroll of noise {unknown}
 q - a scroll of silence {unknown}
 r - a scroll of enchant weapon {unknown}
 w - a scroll of blinking {unknown}
Potions
 c - a potion of might
 e - 2 potions of berserk rage {unknown}
 k - 2 potions of lignification {unknown}
 n - 2 potions of curing {unknown}
 o - a potion of resistance {unknown}
 p - a potion of mutation {unknown}
 t - 2 potions of heal wounds {unknown}
 u - a potion of invisibility {unknown}


   Skills:
 + Level 2.7 Fighting
 - Level 2.4 Dodging
 * Level 3.3 Shields
 * Level 2.9 Unarmed Combat


You had 2 spell levels left.
You didn't know any spells.
Your spell library contained the following spells:

 Spells                   Type           Power      Damage    Failure   Level
 Magic Dart               Conj           0%         1d3       75%         1
 Call Imp                 Summ           0%         N/A       87%         2
 Mephitic Cloud           Conj/Pois/Air  0%         N/A       98%         3


Dungeon Overview and Level Annotations

Branches:
Dungeon (4/15)
 Temple: D:4-7

Altars:
Trog

Annotations:
D:3 2 transporters
D:4 Edmund


Innate Abilities, Weirdness & Mutations

You are too large for most types of armour.
You have claws for hands.
Your natural rate of healing is unusually fast.
You are covered in fur. (AC +1)
You have tough skin. (AC +1)


Message History

Found a stone staircase leading up.
w - a scroll labelled ZUTSIWKO XIRASY You open the door.
Edmund the Younger comes into view.
He is wielding a +1 dire flail of protection.
Edmund is nearby!
Edmund is nearby!
There is an open door here.
You barely miss Edmund.
Edmund hits you with a +1 dire flail of protection!
You completely miss Edmund. You block Edmund's attack.
You barely miss Edmund. You block Edmund's attack.
You scratch Edmund but do no damage. You block Edmund's attack.
You claw Edmund!
Edmund is lightly wounded.
Edmund barely misses you.
You scratch Edmund but do no damage.
Edmund is lightly wounded.
Edmund hits you with a +1 dire flail of protection!
You claw Edmund!
Edmund is heavily wounded.
Edmund completely misses you.
You barely miss Edmund.
Edmund is heavily wounded.
Edmund hits you with a +1 dire flail of protection!
* * * LOW HITPOINT WARNING * * *
You closely miss Edmund.
Edmund is heavily wounded.
You block Edmund's attack.
You closely miss Edmund.
Edmund is heavily wounded.
You block Edmund's attack.
You claw Edmund!
Edmund is severely wounded.
Edmund hits you with a +1 dire flail of protection!
* * * LOW HITPOINT WARNING * * *
Edmund barely misses you.
You scratch Edmund.
Edmund is almost dead.
Edmund hits you with a +1 dire flail of protection!
You die...

#........<.....
#....#..............
##....#######'#######
#........#...........
........+...........
.......#...........
####+####.....###...##...##
........#..@..# #.).##...#.
........#.@...#..........#.
........#.....#...........†
........'.....+............
........#.....#............
........#####.......##....#
..............###### ##....
..............# ###...#
..............# #......
..............# ####...###


You could see Edmund.

Vanquished Creatures
  An adder (D:3)
  2 worms
  An endoplasm (D:2)
  2 giant cockroaches
  3 hobgoblins
  2 jackals (D:2)
  2 quokkas
  7 ball pythons
  5 bats
  2 frilled lizards
  3 goblins
  2 kobolds (D:1)
  3 rats
35 creatures vanquished.

Notes
Turn   | Place    | Note
-------+----------+-------------------------------------------
     0 | D:1      | MacCMillion the Troll Fighter began the quest for the Orb.
     0 | D:1      | Reached XP level 1. HP: 22/22 MP: 0/0
   549 | D:1      | Reached XP level 2. HP: 27/29 MP: 1/1
   685 | D:1      | Reached skill level 3 in Shields
  1300 | D:2      | Reached XP level 3. HP: 36/36 MP: 2/2
  1632 | D:3      | Noticed an ice beast
  1636 | D:3      | Found a transporter.
  1636 | D:3      | Found a bloodstained altar of Trog.
  1649 | D:3      | Found a transporter.
  2439 | D:4      | Noticed Edmund
  2454 | D:4      | Mangled by Edmund

Illustrated notes

Levels and vault maps discovered:
D:1:      beargit_arrival_greenhouse, layout_basic
D:2:      layout_basic
D:3:      layout_basic, gammafunk_temple_overflow_arena
D:4:      layout_gridville, nicolae_ru_path_of_blood, hangedman_decor_lopped,
          minmay_between, uniq_robin, uniq_edmund, uniq_eustachio

Skill      XL: |  1  2 |
---------------+-------+-----
Shields        | 3 |  3.3
Fighting       | |  2.7
Dodging        | |  2.4
Unarmed Combat | |  2.9

Action                     || total
---------------------------++-------
  Melee: Unarmed           ||   111
 Armour: Robe              ||    32
  Dodge: Dodged            ||    36
  Block: Kite shield       ||    54
